 Dungeon Crawl Stone Soup version 0.19-a0-1021-g80cc50c (webtiles) character file.

108 ololoev the Chopper (level 4, 0/39 HPs)
             Began as a Hill Orc Fighter on July 27, 2016.
             Succumbed to a worker ant's poison
             ... on level 4 of the Dungeon.
             The game lasted 00:04:04 (577 turns).

ololoev the Chopper (Hill Orc Fighter)               Turns: 577, Time: 00:04:04

Health: 0/39       AC: 11    Str: 17    XL:     4   Next: 87%
Magic:  4/4        EV:  5    Int:  6    God:
Gold:   50         SH:  0    Dex: 10    Spells: 0 memorised, 3 levels left

rFire  . . .     SeeInvis .     a - +0 war axe
rCold  . . .     Gourm    .     b - +0 plate armour
rNeg   . . .     Faith    .     (no shield)
rPois  .         Spirit   .     (no helmet)
rElec  .         Dismiss  .     (no cloak)
rCorr  .         Reflect  .     (no gloves)
SustAt .         Harm     .     (no boots)
MR     .....                    (no amulet)
Stlth  ..........               (no ring)
                                (no ring)

@: lethally poisoned (0 -> -7), not resistant to hostile enchantments, extremely
unstealthy
A: dopey 1, screaming 1, weak 1
a: no special abilities


Innate Abilities, Weirdness & Mutations

You are dopey. (Int -2)
You occasionally shout uncontrollably at your foes.
You are weak. (Str -2)

Inventory:

Hand Weapons
 a - a +0 war axe (weapon)
Armour
 b - a +0 plate armour (worn)
Wands
 d - a wand of random effects (30/48)
 g - a wand of hasting (2/9)
Comestibles
 c - 4 fruits
 f - 2 bread rations


   Skills:
 - Level 3.6 Fighting
 * Level 5.8 Axes
 + Level 4.1 Armour
   Level 3.2 Shields


You had 3 spell levels left.
You didn't know any spells.


You were on level 4 of the Dungeon.
You were not hungry.

You visited 1 branch of the dungeon, and saw 4 of its levels.

You collected 50 gold pieces.

# #####.# #
##...[.# #.
#......#
#.##.<##(.#
#.........#
###.).##..#
#@.## ....
#..# ###
#..# #..#
#... #.###
#.# #..

Notes
Turn   | Place    | Note
-------+----------+-------------------------------------------
     0 | D:1      | ololoev the Hill Orc Fighter began the quest for the Orb.
     0 | D:1      | Reached XP level 1. HP: 19/19 MP: 1/1
    69 | D:1      | Reached skill level 3 in Axes
   107 | D:1      | Reached XP level 2. HP: 21/26 MP: 2/2
   404 | D:2      | Noticed Terence
   416 | D:2      | Killed Terence
   416 | D:2      | Reached skill level 4 in Axes
   416 | D:2      | Reached XP level 3. HP: 25/31 MP: 3/3
   565 | D:4      | Gained mutation: You evolve. [potion of mutation]
   565 | D:4      | Gained mutation: You are robust. (+10% HP) [potion of mutation]
   565 | D:4      | Gained mutation: You have a pair of small horns on your head. [potion of mutation]
   566 | D:4      | Reached skill level 5 in Axes
   567 | D:4      | Reached XP level 4. HP: 10/42 MP: 4/4
   573 | D:4      | HP: 2/42 [poisoned by a worker ant]
   574 | D:4      | Lost mutation: You are robust. (+10% HP) [potion of cure mutation]
   574 | D:4      | Lost mutation: You evolve. [potion of cure mutation]
   574 | D:4      | Lost mutation: You have a pair of small horns on your head. [potion of cure mutation]
   575 | D:4      | Gained mutation: You are weak. (Str -2) [potion of mutation]
   575 | D:4      | Gained mutation: You are dopey. (Int -2) [potion of mutation]
   575 | D:4      | Gained mutation: You occasionally shout uncontrollably at your foes. [potion of mutation]
   577 | D:4      | Succumbed to a worker ant's poison

Dungeon Overview and Level Annotations

Branches:
Dungeon (4/15)
 Temple: D:4-7

Altars:


Message History

The orc hits you but does no damage.
The centaur skeleton hits you but does no damage.
The worker ant barely misses you.
You closely miss the worker ant.
The worker ant is severely wounded.
You hit the centaur skeleton. You hit the orc. The centaur skeleton hits you.
The orc hits you but does no damage. The worker ant barely misses you.
The centaur skeleton hits you. The orc hits you but does no damage.
Unknown command.
You are too injured to fight recklessly!
Unknown command.
You are too injured to fight recklessly!
Unknown command.
You are too injured to fight recklessly!
Unknown command.
It was a potion of mutation.
You feel extremely strange.
You feel nature experimenting on you.
Don't worry, failures die fast.
You feel robust. A pair of horns grows on your head!
The worker ant barely misses you. The centaur skeleton barely misses you.
The orc hits you but does no damage.
You closely miss the worker ant. Your headbutt misses the worker ant.
The worker ant is severely wounded.
You hit the centaur skeleton. You slash the orc!
You kill the orc!
Your Axes skill increases to level 5!
The worker ant bites you but does no damage.
The centaur skeleton hits you. The worker ant bites you.
The centaur skeleton hits you but does no damage.
You hit the worker ant.
The worker ant is almost dead.
You hit the centaur skeleton.
You destroy the centaur skeleton!
You have reached level 4!
The worker ant bites you but does no damage.
You closely miss the worker ant.
The worker ant is almost dead.
The worker ant barely misses you. The worker ant bites you.
You are lethally poisoned!
The worker ant poisons you!
Unknown command.
Your plate armour prevents you from hitting the worker ant.
The worker ant is almost dead.
You feel sick.
The worker ant bites you but does no damage.
Unknown command.
You barely miss the worker ant.
The worker ant is almost dead.
You feel sick.
The worker ant bites you but does no damage. x2
Unknown command.
You barely miss the worker ant. Your headbutt misses the worker ant.
The worker ant is almost dead.
You feel sick.
The worker ant bites you but does no damage.
Unknown command.
Your plate armour prevents you from hitting the worker ant.
The worker ant is almost dead.
You feel sick.
The worker ant bites you but does no damage.
The worker ant bites you.
You are more poisoned.
The worker ant poisons you!
You slash the worker ant!
You kill the worker ant!
Your Armour skill increases to level 4!
You feel sick.
Unknown command.
It was a potion of cure mutation.
It has a very clean taste.
You feel frail. Nature stops experimenting on you.
The horns on your head shrink away.
You feel sick.
You feel extremely strange.
You feel weaker.
You feel stupid.
You feel the urge to shout.
You feel sick.
Things that are here:
a short sword; an orc corpse You aren't carrying any spellbooks or scrolls.
Unknown command.
Unknown command.
You die...

There were no monsters in sight!

Vanquished Creatures
  A centaur skeleton (D:4)
  Terence (D:2)
  A worker ant (D:4)
  An ooze (D:1)
  2 dart slugs
  2 giant geckos
  An orc (D:4)
  2 bats
  2 goblins
  2 hobgoblins
  2 quokkas (D:3)
  3 kobolds
  2 rats
22 creatures vanquished.

Action                   |  1- 3 |  4- 6 || total
-------------------------+-------+-------++-------
Melee: War axe           |    59 |     6 ||    65
  Use: Potion            |     2 |     2 ||     4
Armor: Scale mail        |     7 |       ||     7
       Plate armour      |    34 |     6 ||    40
Dodge: Dodged            |    25 |     1 ||    26

Vault maps used:
D:1:      matt_arrival_grand_opening, minmay_crystal_room
D:2:      kb_forest_paths, lemuel_doored_altar, nicolae_overflow_hidden_temple,
          ecumenical_altar_1, uniq_terence, uniq_natasha, uniq_jessica
D:3:      gammafunk_temple_overflow_pools, uniq_robin
D:4:      grunt_dithmenos_smoke_and_mirrors, fedhas_bush_and_centaur_altar,
          lemuel_crystal_altar, portal_sewer_entry_d, first_bread
